[Event "*** SCC Grand Prix: Titled Tuesday Blitz"]
[Site "Chess.com"]
[Date "2020.09.29"]
[Round "6"]
[White "pirulillo"]
[Black "Forantes"]
[Result "1/2-1/2"]
[WhiteElo "2232"]
[BlackElo "2369"]
[TimeControl "180+1"]
[EndTime "11:06:03 PDT"]
[Termination "Game drawn by repetition"]

1. e4 c5 2. Nf3 Nc6 3. Bb5 a6 4.
Bxc6 dxc6 5. d3 Qc7 6. O-O e5 7.
h3 Bd6 8. a4 a5 9. b3 Ne7 10.
Bb2 Ng6 11. Nbd2 f6 12. Nc4 Be6 13. Kh2 Be7 14. g3 O-O 15. Ng1 Rad8 16. Ne3 b6 17. Ne2 Qd7 18. g4 Bd6 19. Nf5 Bc7 20. h4 b5 21. h5 Ne7 22. Neg3 c4 23. dxc4 bxc4 24. Ba3 Bxf5 25. Nxf5 Nxf5 26. gxf5 Rf7 27. Qe2 cxb3 28.
Rfd1 Qc8 29. cxb3 Rd4 30. Bb2 Rb4 31. Ba3 Rxb3 32. Qc4 Rf3 33. Kg2 Rf4 34. f3 Rh4 35. Rd3 Rxh5 36. Rad1 Rg5+ 37. Kh3 Rh5+ 38. Kg2 Rg5+ 39.
Kf1 Bb6 40. Rd7 Rg1+ 41. Ke2 Rg2+ 42. Kf1 Rg1+ 43. Ke2 Rg2+ 44. Kf1 Rg1+ 1/2-1/2

[Event "*** SCC Grand Prix: Titled Tuesday Blitz"]
[Site "Chess.com"]
[Date "2020.09.29"]
[Round "6"]
[White "kreonx"]
[Black "chessmaGIA"]
[Result "1-0"]
[WhiteElo "2358"]
[BlackElo "1666"]
[TimeControl "180+1"]
[EndTime "11:06:03 PDT"]
[Termination "kreonx won by resignation"]

1. e4 e5 2. Nc3 Nf6 3. g3 d5 4. exd5 Nxd5 5. Bg2 Be6 6. Nf3 Nc6 7. O-O Be7 8. Re1 Bf6 9. d4 exd4 10. Nxd5 Qxd5 11.
Ne5 Qd6 12. Nxc6 bxc6 13. Bf4 Qd7 14. Qf3 O-O 15. Qxc6 Qxc6 16. Bxc6 Rab8 17. b3 d3 18. Rac1 Bc3 19. cxd3 Bxe1 20. Rxe1 Rb6 21. Be4 Ra6 22. Re2 c6 23. d4 Bd5 24. Bd3 Rb6 25. Bd6 Rc8 26. Bf5 Ra8 27. Re7 g6 28. Bd3 Be6 29.
Bc5 Rbb8 30. Ba6 Rd8 31. Bb7 Rab8 32. Bxc6 Bd5 33. Bxd5 Rxd5 34. Rxa7 Kg7 35. Kg2 Kf6 36. b4 Rb5 37. a4 Rb8 38. b5 Ke6 39. b6 h5 40. h4 f5 41. a5 Rdd8 42. a6 Kd5 43. Rg7 Kc6 44. Rc7+ Kb5 45. a7 Ra8 46. b7 1-0

[Event "*** SCC Grand Prix: Titled Tuesday Blitz"]
[Site "Chess.com"]
[Date "2020.09.29"]
[Round "6"]
[White "GalperinPlaton"]
[Black "Artem_Sadovsky"]
[Result "0-1"]
[WhiteElo "2744"]
[BlackElo "2529"]
[TimeControl "180+1"]
[EndTime "11:06:04 PDT"]
[Termination "Artem_Sadovsky won by checkmate"]

1. h4 d5 2. d4 c5 3. e3 Nc6 4.
Bb5 Bf5 5. dxc5 e5 6. b4 a5 7. c3 Nf6 8. Nf3 Qc7 9. h5 h6 10.
Nbd2 Be7 11. Nb3 axb4 12. cxb4 O-O 13. a3 Bg4 14. Be2 e4 15. Nfd4 Ne5 16. f3 exf3 17.
gxf3 Bxh5 18. Nf5 Bg6 19. Nxe7+ Qxe7 20. Kf2 Nc4 21. Qd4 Rfe8 22. Bxc4 dxc4 23. Qxc4 Rad8 24. Nd4 Nd5 25. Qb3 Qf6 26. Ra2 Nxe3 27. Bxe3 Rxd4 28.
Qc3 Rxe3 29. Qxe3 Rd3 30. Qe2 Qd4+ 31. Kg2 Re3 32. Qf2 Be4 33. Rh3 Bc6 34. Rg3 Qf4 35.
Re2 Rxa3 36. Kg1 h5 37. Qg2 g6 38. Re6 Ra1+ 39. Kf2 Qd4+ 40. Re3 Ra2+ 41. Ke1 Qxe3+ 42. Qe2 Qxe2# 0-1

[Event "*** SCC Grand Prix: Titled Tuesday Blitz"]
[Site "Chess.com"]
[Date "2020.09.29"]
[Round "6"]
[White "Meri-Arabidze"]
[Black "GM_LOADING"]
[Result "0-1"]
[WhiteElo "2688"]
[BlackElo "2511"]
[TimeControl "180+1"]
[EndTime "11:06:09 PDT"]
[Termination "GM_LOADING won on time"]

1. d4 Nf6 2. c4 e6 3. Nc3 Bb4 4.
Nf3 d6 5. e3 O-O 6. Bd2 b6 7.
Bd3 Bb7 8. O-O Nbd7 9. a3 Bxc3 10.
Bxc3 Qe7 11. Nd2 e5 12. d5 a5 13. b4 axb4 14. axb4 c6 15. e4 g6 16. Qb3 Nh5 17.
g3 Qg5 18. Nf3 Qg4 19. Nh4 Nf4 20. Bd2 Ne2+ 21. Bxe2 Qxe2 22. Bh6 Rfe8 23. Rae1 Qa2 24. Qxa2 Rxa2 25. dxc6 Bxc6 26. Rd1 Re6 27. Rfe1 Rc2 28. Rc1 Rxc1 29. Bxc1 Re8 30. f3 Kf8 31. Rd1 Ke7 32. Ng2 Ra8 33. Ne3 Ra4 34. Kf2 Ke6 35. Bd2 Ra2 36. Ke2 f5 37. exf5+ gxf5 38. g4 f4 39. Nf5 Nf6 40. h3 Ra3 41. Bc1 Bxf3+ 42. Kf2 Bxd1 43. Bxa3 Bb3 44. c5 bxc5 45. bxc5 dxc5 46.
Ng7+ Kd5 47. g5 Ne4+ 48. Kf3 Bd1+ 49. Kg2 Nxg5 50. h4 Ne4 51. Nf5 c4 52. Bc1 c3 53.
Ne7+ Kd4 54. Ng8 f3+ 55. Kf1 Be2+ 56. Ke1 Kd3 0-1

[Event "*** SCC Grand Prix: Titled Tuesday Blitz"]
[Site "Chess.com"]
[Date "2020.09.29"]
[Round "6"]
[White "Kildepiotr"]
[Black "francyIM"]
[Result "1/2-1/2"]
[WhiteElo "2562"]
[BlackElo "2755"]
[TimeControl "180+1"]
[EndTime "11:06:10 PDT"]
[Termination "Game drawn by repetition"]

1. Nf3 c5 2. g3 Nc6 3. Bg2 g6 4. c3 Bg7 5. d4 d6 6. dxc5 dxc5 7. Nbd2 Nf6 8. O-O O-O 9. e4 b6 10. Qe2 Nd7 11. Rd1 Bb7 12. Nf1 Qc7 13. Bf4 Nde5 14. Nxe5 Nxe5 15. Ne3 e6 16. Ng4 h5 17. Nxe5 Bxe5 18.
Bxe5 Qxe5 19. f4 Qc7 20. e5 Bxg2 21. Kxg2 Rad8 22. Rxd8 Rxd8 23. Rd1 Qc6+ 24. Kf2 Rd5 25. c4 Rd4 26. Rxd4 cxd4 27. Qd3 Qh1 28. Qxd4 Qxh2+ 29. Kf3 Qh1+ 30. Kf2 Qh2+ 31. Kf3 Qc2 32. Qd8+ Kh7 33.
Qe7 Qd3+ 34. Kf2 Qd4+ 35. Kf3 Kg8 36. Qxa7 Qxb2 37. Qa4 Kg7 38. Qb3 Qd4 39. a4 g5 40.
fxg5 Qxe5 41. Qe3 Qb2 42. Qf4 Kg8 43. Qb8+ Kh7 44. Qf4 Kg7 45. Qf6+ Qxf6+ 46. gxf6+ Kxf6 47. c5 Ke5 48. cxb6 Kd6 49. a5 Kc6 50. Kf4 f6 51. Ke4 Kb7 52. Kd4 Kc6 53. Kc4 e5 54. Kd3 f5 55.
Ke3 Kb7 56. Kf3 Ka6 57. Kg2 e4 58. Kf2 Kb7 59. Ke3 Kc6 60. Kd4 Kb7 61. Ke3 Ka6 62. Kd4 Kb7 63. Ke3 1/2-1/2

[Event "*** SCC Grand Prix: Titled Tuesday Blitz"]
[Site "Chess.com"]
[Date "2020.09.29"]
[Round "6"]
[White "Gabrielian_Artur"]
[Black "Rytenko_V"]
[Result "0-1"]
[WhiteElo "2722"]
[BlackElo "2528"]
[TimeControl "180+1"]
[EndTime "11:06:10 PDT"]
[Termination "Rytenko_V won by resignation"]

1. e4 c5 2. Nc3 g6 3. d4 cxd4 4. Qxd4 Nf6 5. Nf3 Nc6 6. Qa4 d6 7. e5 dxe5 8. Nxe5 Bg7 9. Nxc6 bxc6 10. Qxc6+ Bd7 11. Qf3 O-O 12. Be2 Rc8 13. O-O Qb6 14. a4 Bg4 15. Qe3 Qxe3 16. Bxe3 Bxe2 17. Nxe2 Rxc2 18.
Nd4 Rxb2 19. Nc6 Nd5 20. Bxa7 Ra8 21. a5 Rc2 22. Rac1 Rxc6 23. Rxc6 Rxa7 24. Rc8+ Bf8 25. Ra1 Kg7 26. a6 Nb4 27. h4 Rxa6 28. Rd1 e6 29. Rdd8 Be7 30. Rg8+ Kf6 31. g3 h5 32. Rc4 Nd5 33. Rb8 Ra2 34. Rb3 Kg7 35. Kg2 Bd8 36.
Rc6 Bf6 37. Rc4 Rd2 38. Re4 Bd4 39. Rf3 e5 40. Kf1 f5 41. Re2 Rxe2 42. Kxe2 Nc3+ 43.
Kd2 e4 44. Rxc3 Bxc3+ 45. Kxc3 Kf6 46. Kd4 Ke6 47. Ke3 Ke5 48. f3 exf3 49. Kxf3 f4 50. gxf4+ Kf5 51. Ke3 Kg4 52. Ke4 Kxh4 53. Kf3 Kh3 0-1

[Event "*** SCC Grand Prix: Titled Tuesday Blitz"]
[Site "Chess.com"]
[Date "2020.09.29"]
[Round "6"]
[White "gmpeter008"]
[Black "UCantHandleDenker"]
[Result "1-0"]
[WhiteElo "2403"]
[BlackElo "2561"]
[TimeControl "180+1"]
[EndTime "11:06:10 PDT"]
[Termination "gmpeter008 won by resignation"]

1. d4 Nf6 2. Nf3 g6 3. c4 Bg7 4. g3 O-O 5. Bg2 c5 6. d5 d6 7. O-O e6 8. Nc3 exd5 9. cxd5 a6 10. a4 Re8 11. Nd2 Nbd7 12. Nc4 Nb6 13. b3 Rb8 14. Bb2 Bf5 15. a5 Nxc4 16. bxc4 Ne4 17. Bxe4 Bxe4 18. Qd2 Bf5 19. Rfe1 b6 20. axb6 Qxb6 21. Na4 Qb4 22.
Bc3 Qxc4 23. Bxg7 Kxg7 24. Nc3 Qd4 25. Qc1 Bh3 26. Rd1 Qc4 27. Ra4 Rb4 28. Qa1 Kg8 29. Rxa6 Rb3 30. Ra8 Rxa8 31. Qxa8+ Kg7 32. Rc1 Qd4 33.
e3 Qf6 34. Ne2 g5 35. Qa1 Qxa1 36. Rxa1 Rb2 37. Re1 Rc2 38. f3 h5 39. Kf2 Bf5 40. e4 Bg6 41. Rc1 Rb2 42. Rc3 Ra2 43. h4 Rb2 44.
hxg5 f6 45. gxf6+ Kxf6 46. Ke3 Ra2 47. Nf4 Bf7 48. Rd3 Ra3 49. Rxa3 1-0

[Event "*** SCC Grand Prix: Titled Tuesday Blitz"]
[Site "Chess.com"]
[Date "2020.09.29"]
[Round "6"]
[White "Jospem"]
[Black "Pultis"]
[Result "0-1"]
[WhiteElo "2949"]
[BlackElo "2746"]
[TimeControl "180+1"]
[EndTime "11:06:12 PDT"]
[Termination "Pultis won by checkmate"]

1. e4 c6 2. d4 d5 3. exd5 cxd5 4.
Bd3 Nc6 5. c3 Nf6 6. h3 Qc7 7. Nf3 g6 8. O-O Bg7 9. Re1 O-O 10.
Nbd2 Bf5 11. Nf1 e6 12. Be2 h5 13. Ne3 Ne4 14. g4 Kh8 15. gxf5 gxf5 16. Bd3 Rg8 17. Kf1 Ne7 18. Ne5 Bxe5 19. Qxh5+ Kg7 20. dxe5 Rh8 21. Qf3 Ng6 22. Nxd5 exd5 23. Qxf5 Rae8 24. Bxe4 Rxe5 25. Bf4 Rxf5 26. Bxc7 dxe4 27. Rxe4 Rxh3 28. Ke2 Rb5 29. Rb1 Rxc3 30. Bg3 Rc2+ 31. Kd3 Rbxb2 32. Rxb2 Rxb2 33. a4 a6 34. Kc3 Rb1 35. Kc2 Rb6 36. Kc3 Rc6+ 37.
Kb3 b6 38. Rd4 Nf8 39. Rg4+ Rg6 40. Rc4 Nd7 41. Kb4 Re6 42. Rg4+ Kf8 43. Rd4 Ke7 44.
Bh4+ f6 45. Bg3 Rc6 46. Rh4 a5+ 47. Kb5 Rc5+ 48. Ka6 Rd5 49. Kb7 Ke6 50. Re4+ Kf5 51. Re7 Rd4 52. Kc6 Ne5+ 53. Kxb6 Rxa4 54. Kb5 Ra2 55.
Ra7 Rb2+ 56. Ka4 Nc4 57. Rc7 Rb4# 0-1

[Event "*** SCC Grand Prix: Titled Tuesday Blitz"]
[Site "Chess.com"]
[Date "2020.09.29"]
[Round "6"]
[White "sergiochess83"]
[Black "CheckThis4"]
[Result "0-1"]
[WhiteElo "2799"]
[BlackElo "2631"]
[TimeControl "180+1"]
[EndTime "11:06:12 PDT"]
[Termination "CheckThis4 won on time"]

1. e4 c5 2. Nf3 d6 3. d4 cxd4 4. Nxd4 Nf6 5. Nc3 g6 6. Be3 Bg7 7. f3 Nc6 8. Qd2 O-O 9. O-O-O d5 10. Nxc6 bxc6 11. Bh6 Be6 12. exd5 cxd5 13. h4 Rc8 14. Bxg7 Kxg7 15. h5 Qc7 16. hxg6 fxg6 17. Bd3 Nh5 18. Rxh5 gxh5 19. Qg5+ Kh8 20. Qxh5 Qf4+ 21. Kb1 Qf7 22. Qh4 Bf5 23. Bxf5 Qxf5 24. Rxd5 Qf6 25. Qe4 Rcd8 26. a4 e6 27. Rxd8 Rxd8 28. Qe3 h6 29. Qxa7 Qe5 30. Qf2 Rb8 31. Qd2 Kg7 32. Nb5 h5 33. b3 Kh7 34.
Qd3+ Kh6 35. Qd2+ Kh7 36. Qd7+ Kh6 37. Qe7 Rg8 38. g4 hxg4 39. Qh4+ Qh5 40. Qxh5+ Kxh5 41. fxg4+ Kxg4 42. a5 e5 43. a6 e4 44. Kc1 Kf3 45. a7 e3 46. Nd4+ Kf2 47. b4 Ra8 0-1

[Event "*** SCC Grand Prix: Titled Tuesday Blitz"]
[Site "Chess.com"]
[Date "2020.09.29"]
[Round "6"]
[White "nrvisakh"]
[Black "Susal_De_Silva"]
[Result "1-0"]
[WhiteElo "2793"]
[BlackElo "2526"]
[TimeControl "180+1"]
[EndTime "11:06:12 PDT"]
[Termination "nrvisakh won by resignation"]

1. e4 e5 2. Nf3 Nc6 3. Bb5 a6 4. Ba4 Nf6 5. d3 b5 6. Bb3 Be7 7. a4 Bb7 8. O-O O-O 9. Re1 d6 10. c3 Na5 11. Bc2 c5 12. Nbd2 Qc7 13. Nf1 b4 14. Bg5 Rfe8 15. Ng3 Bc8 16. h3 Be6 17. d4 b3 18. Bd3 exd4 19. cxd4 c4 20. Bf1 c3 21. bxc3 b2 22. Rb1 Rab8 23. Qd2 Qb7 24. d5 Bd7 25. Nd4 Nxd5 26. exd5 Bxg5 27. Rxe8+ Bxe8 28. Qxg5 f6 29. Qd2 Bg6 30. Ngf5 Kh8 31. Bd3 Qb6 32. Ne7 Bxd3 33. Qxd3 Qc5 34. Nec6 Nxc6 35. Nxc6 Rb7 36. Qe3 Qxd5 37. Qe8+ Qg8 38. Qxg8+ Kxg8 39. Nb4 a5 40. Nd3 Rb3 41. Rxb2 Rxc3 42.
Nf4 Ra3 43. Rb8+ Kf7 44. Rb7+ Kg8 45. Nh5 Rxa4 46. Rxg7+ Kh8 47. Ra7 1-0

[Event "*** SCC Grand Prix: Titled Tuesday Blitz"]
[Site "Chess.com"]
[Date "2020.09.29"]
[Round "6"]
[White "canary2016"]
[Black "PawnEatingZombie"]
[Result "1-0"]
[WhiteElo "1916"]
[BlackElo "2199"]
[TimeControl "180+1"]
[EndTime "11:06:12 PDT"]
[Termination "canary2016 won on time"]

1. d4 d5 2. Bf4 e6 3. e3 Nf6 4.
Nf3 Bd6 5. Bg3 c5 6. c3 Qc7 7. Nbd2 Nbd7 8. Bd3 b6 9. Rc1 Bb7 10. Bb5 O-O 11. Bd3 e5 12. dxe5 Nxe5 13. Nxe5 Bxe5 14. Nf3 Bxg3 15. hxg3 h6 16. Nh4 Rfe8 17. O-O Rad8 18.
Qe2 Ne4 19. Rfd1 Re6 20. Nf5 Rf6 21. Bxe4 dxe4 22. Qg4 Rg6 23. Qh4 Rg5 24. Qf4 Rxd1+ 25. Rxd1 Qxf4 26. Ne7+ Kf8 27. gxf4 Rh5 28. Rd7 Ba6 29.
Rxa7 Bd3 30. Nc6 g6 31. Ra8+ Kg7 32. Ne5 Rf5 33. Rd8 Be2 34. Rd6 b5 35. Rb6 b4 36.
cxb4 cxb4 37. Rxb4 f6 38. Rxe4 fxe5 39. fxe5 Kf7 40. a4 Ke6 41. f4 Rf7 42. b4 Ra7 43.
a5 Bb5 44. Kf2 Rc7 45. Rd4 Rc2+ 46. Kg3 Rb2 47. Kf3 Rb3 48. Kf2 g5 49. Rd6+ Kf5 50.
Kf3 g4+ 51. Kf2 Rb2+ 52. Kg1 1-0

[Event "*** SCC Grand Prix: Titled Tuesday Blitz"]
[Site "Chess.com"]
[Date "2020.09.29"]
[Round "6"]
[White "QuintilianoR"]
[Black "TrimitziosP7"]
[Result "0-1"]
[WhiteElo "2621"]
[BlackElo "2827"]
[TimeControl "180+1"]
[EndTime "11:06:13 PDT"]
[Termination "TrimitziosP7 won by resignation"]

1. d4 Nf6 2. c4 e6 3. Nf3 c5 4. d5 exd5 5. cxd5 b5 6. a4 b4 7. Bg5 d6 8. e3 Be7 9. Bc4 O-O 10. O-O a5 11. Nbd2 Nbd7 12. Qc2 h6 13. Bxf6 Bxf6 14. Rfd1 Re8 15. Bb5 Qc7 16. Nc4 Re7 17. Rac1 Bb7 18.
Bc6 Rb8 19. Bxb7 Rxb7 20. Nfd2 Ne5 21. b3 Nxc4 22. Nxc4 Bc3 23. Qf5 Rb8 24. Qf4 Rd8 25. g3 Kh7 26. Rd3 Be5 27. Qf3 g6 28. Re1 Rde8 29. Qd1 Bg7 30. Re2 f5 31. Qc2 Re4 32. Rd1 Bc3 33. Rf1 Rxc4 34. bxc4 Re4 35. f3 Re5 36.
Qd3 Qd7 37. Kg2 Qxa4 38. e4 Qe8 39. Rff2 fxe4 40. Rxe4 Rxe4 41. fxe4 Be5 42. Qf3 Kg7 43. Qg4 a4 44. h4 h5 45. Qe2 b3 46. Qd3 b2 47. Qb1 a3 48. Qa2 Qa4 49. Rf1 Qc2+ 50. Kh3 Qxe4 51. Qxa3 b1=Q 52. Qa7+ Kh6 0-1

[Event "*** SCC Grand Prix: Titled Tuesday Blitz"]
[Site "Chess.com"]
[Date "2020.09.29"]
[Round "6"]
[White "A-Fier"]
[Black "Reader777"]
[Result "0-1"]
[WhiteElo "2832"]
[BlackElo "2655"]
[TimeControl "180+1"]
[EndTime "11:06:14 PDT"]
[Termination "Reader777 won by checkmate"]

1. c4 e5 2. Nc3 Nf6 3. Nf3 Nc6 4. d3 d6 5. e3 g6 6. Be2 Bg7 7. O-O O-O 8. Rb1 a5 9. a3 Re8 10. Nd2 Be6 11. b4 axb4 12. axb4 d5 13. cxd5 Nxd5 14.
Nxd5 Bxd5 15. b5 Na5 16. Qc2 Qd7 17. Bb2 c6 18. b6 Rec8 19. Bc3 c5 20. Bxa5 Rxa5 21.
Nc4 Ra6 22. Bf3 Bxf3 23. gxf3 Rd8 24. Rfd1 Qh3 25. Qe2 Rda8 26. Rd2 Ra1 27. Rbd1 h5 28. Nd6 Qe6 29. Nc4 Qh3 30. Rxa1 Rxa1+ 31. Rd1 Ra6 32. Rb1 h4 33. Nd6 Qe6 34. Nc4 h3 35.
Kf1 Qf5 36. e4 Qf4 37. Qc2 Qxh2 38. Ke2 Qf4 39. Ne3 h2 40. Nd5 Qg5 41. Rh1 Qg1 42. Qb1 Ra2+ 43. Qxa2 Qxh1 44. Qa8+ Kh7 45. Qxb7 Qg2 46.
Qxf7 h1=Q 47. Nf6+ Kh6 48. Ng4+ Kh5 49. Ne3 Qgg1 50.
f4 Qe1# 0-1

[Event "*** SCC Grand Prix: Titled Tuesday Blitz"]
[Site "Chess.com"]
[Date "2020.09.29"]
[Round "6"]
[White "Sueetin"]
[Black "maxsergej"]
[Result "1/2-1/2"]
[WhiteElo "2280"]
[BlackElo "2098"]
[TimeControl "180+1"]
[EndTime "11:06:16 PDT"]
[Termination "Game drawn - insufficient material"]

1. d4 Nf6 2. c4 e6 3. Nc3 Bb4 4. e3 b6 5. Ne2 c5 6. a3 Ba5 7. Rb1 Na6 8. Ng3 O-O 9. Bd3 Bxc3+ 10. bxc3 d5 11. cxd5 exd5 12. O-O Nc7 13. f3 Re8 14.
Rb2 Bd7 15. Re2 Rc8 16. e4 cxd4 17. e5 dxc3 18. exf6 Qxf6 19. Rfe1 g6 20. Rxe8+ Rxe8 21. Rxe8+ Bxe8 22. Ne2 d4 23. Bc4 Bb5 24. Bxb5 Nxb5 25. a4 Nd6 26. Qxd4 Qe6 27. Kf2 c2 28. Bb2 f6 29.
Qxf6 Qxf6 30. Bxf6 Nc4 31. Nc1 a6 32. Ke2 b5 33.
axb5 axb5 34. Kd3 Kf7 35. Bc3 Ke6 36. Kxc2 Ne3+ 37. Kd3 Nxg2 38. Ke4 Nh4 39. Be5 Nf5 40. Ne2 b4 41. Nd4+ Nxd4 42. Bxd4 g5 43. Be3 Kf6 44.
Bd4+ Kg6 45. h3 h5 46. Ke5 g4 47. hxg4 hxg4 48. fxg4 Kg5 49. Kd5 Kxg4 50. Kc4 b3 51.
Kxb3 1/2-1/2

[Event "*** SCC Grand Prix: Titled Tuesday Blitz"]
[Site "Chess.com"]
[Date "2020.09.29"]
[Round "6"]
[White "Angel_Hranitel_37"]
[Black "norwaytoadog"]
[Result "1-0"]
[WhiteElo "2549"]
[BlackElo "2336"]
[TimeControl "180+1"]
[EndTime "11:06:17 PDT"]
[Termination "Angel_Hranitel_37 won on time"]

1. d4 d5 2. c4 c6 3. cxd5 cxd5 4. Bg5 f6 5. Bd2 Nc6 6. Nc3 e5 7. e3 a6 8. Nge2 Be6 9. Qb3 b5 10. Rc1 Na5 11. Qc2 Rc8 12. Qb1 Nc4 13. Ng3 Nxd2 14.
Kxd2 exd4 15. exd4 Qb6 16. Qd3 Bd6 17. Re1 Bf4+ 18. Ke2 Rc4 19. Rd1 Kf7 20. f3 Nh6 21.
Kf2 Qc6 22. Qb1 Rxc3 23. bxc3 Qxc3 24. Qd3 Qb2+ 25. Be2 Qxa2 26. Ra1 Qc4 27. Rxa6 Rc8 28. Ra7+ Kg8 29. Nh5 Bd6 30. Rxg7+ Kf8 31. Rxh7 Qxd3 32. Bxd3 Nf5 33. Bxf5 Bxf5 34. Rh8+ Kf7 35. Rxc8 Bxc8 36.
Rb1 Bd7 37. Ng3 b4 38. Ne2 Bf5 39. Rb2 Bd3 40. Ke3 Bc4 41. g3 f5 42. Nc1 Ke6 43.
Nd3 b3 44. Nc5+ Ke7 45. Nxb3 Ba3 46. Rb1 Bd6 47. Nc5 Kd8 48. Rb7 1-0

[Event "*** SCC Grand Prix: Titled Tuesday Blitz"]
[Site "Chess.com"]
[Date "2020.09.29"]
[Round "6"]
[White "ClydeHillKid"]
[Black "FMalexhdez"]
[Result "0-1"]
[WhiteElo "2361"]
[BlackElo "2244"]
[TimeControl "180+1"]
[EndTime "11:06:20 PDT"]
[Termination "FMalexhdez won by checkmate"]

1. e4 c5 2. Nf3 d6 3. d4 cxd4 4. Nxd4 Nf6 5. Nc3 a6 6. Bd3 e5 7. Nde2 Be7 8. O-O Nc6 9. Ng3 Nd4 10. Be3 O-O 11. Bxd4 exd4 12. Nd5 Nxd5 13. exd5 g6 14. f4 f5 15. Re1 Bf6 16. Qe2 Bd7 17. a4 Re8 18.
Qf3 Qb6 19. b3 Re3 20. Qf2 Rae8 21. Nf1 Qa5 22. Red1 R3e7 23. Rab1 Qc3 24. Bc4 b5 25.
axb5 axb5 26. Bd3 Qc5 27. Qf3 Bc8 28. b4 Qb6 29. h3 Kg7 30. Kh2 h5 31. Rb3 h4 32.
Ra3 Bb7 33. Ra5 Qc7 34. Bxb5 Ra8 35. Rxa8 Bxa8 36. Bd3 Qb7 37. Ra1 Re8 38. Bc4 Qxb4 39. Bb3 Qb7 40. Ra4 Re7 41. Qd3 Qb8 42. Qf3 Bb7 43. Qd3 Qc7 44. Qf3 Qc5 45. Qd3 Bxd5 46. Bxd5 Qxd5 47. Ra6 Qe4 48. Qxe4 fxe4 49. Rxd6 e3 50.
Nxe3 dxe3 51. Rd1 e2 52. Re1 Bc3 53. Rxe2 Rxe2 54. Kg1 Rxc2 55. Kh2 Rb2 56. Kg1 Kf6 57. Kh2 Kf5 58. Kg1 Kxf4 59. Kh2 Ke3 60. Kg1 Be5 61.
Kh1 Rb1# 0-1

[Event "*** SCC Grand Prix: Titled Tuesday Blitz"]
[Site "Chess.com"]
[Date "2020.09.29"]
[Round "6"]
[White "csati17"]
[Black "Gulkov_Igor"]
[Result "1-0"]
[WhiteElo "2584"]
[BlackElo "2435"]
[TimeControl "180+1"]
[EndTime "11:06:21 PDT"]
[Termination "csati17 won on time"]

1. c4 Nf6 2. Nc3 e5 3. g3 Bb4 4.
Bg2 O-O 5. Nf3 Bxc3 6. dxc3 Nc6 7. O-O d6 8. Qc2 Qe7 9. e4 h6 10. Re1 Be6 11. b3 a5 12. a4 Nd7 13. Nh4 Qf6 14.
Be3 Nc5 15. Bxc5 dxc5 16. Nf5 Nd8 17. Rad1 g6 18. Ne3 c6 19. Qd2 Re8 20. Qd6 Kg7 21.
Qxc5 h5 22. Rf1 Qe7 23. Qxe5+ f6 24. Qd6 Qxd6 25. Rxd6 Kf7 26. f4 Ke7 27. Rd2 Nf7 28. Nc2 Red8 29. Rxd8 Rxd8 30. Nd4 c5 31. Nxe6 Kxe6 32.
f5+ gxf5 33. exf5+ Ke7 34. Bd5 Ne5 35. Kg2 b6 36.
Rf4 Rh8 37. Rh4 Nd3 38. Kf3 Ne5+ 39. Kf4 Kf8 40. h3 Kg7 41. g4 hxg4 42. Rxh8 Kxh8 43.
hxg4 Kg7 44. g5 Nd3+ 45. Kg4 Ne5+ 46. Kh5 Nd3 47. Be6 Ne5 48. g6 Nf3 49. Kg4 Nd2 50. Kf4 Nxb3 51. Ke4 1-0

[Event "*** SCC Grand Prix: Titled Tuesday Blitz"]
[Site "Chess.com"]
[Date "2020.09.29"]
[Round "6"]
[White "CM_rui"]
[Black "monalize"]
[Result "1-0"]
[WhiteElo "2398"]
[BlackElo "2293"]
[TimeControl "180+1"]
[EndTime "11:06:21 PDT"]
[Termination "CM_rui won on time"]

1. e4 c5 2. Nf3 d6 3. d4 cxd4 4. Nxd4 Nf6 5. f3 a6 6. c4 b6 7. Nc3 Bb7 8. Be3 e6 9. Be2 Be7 10. O-O O-O 11. Rc1 Nbd7 12. Qd2 Qc7 13. Rfd1 Rac8 14.
Bf1 Ne5 15. b3 Qb8 16. Qf2 Nfd7 17. h3 Bd8 18. f4 Ng6 19. f5 Nge5 20. Qg3 Re8 21.
Bh6 Bf6 22. Kh1 Kh8 23. Bf4 Nc5 24. Nf3 Nxe4 25. Nxe4 Bxe4 26. fxe6 fxe6 27. Nd4 Qb7 28. Re1 Ng6 29. Ne2 Bh4 30. Qe3 Bxe1 31. Rxe1 Nxf4 32.
Nxf4 d5 33. Qg3 Bf5 34. cxd5 exd5 35. Rd1 Rcd8 36. Be2 d4 37. Bf3 Be4 38. Bh5 g6 39. Bg4 d3 40. Ne6 Rd5 41. Nf4 Rde5 42. Nxd3 Bxd3 43.
Qxd3 Qe7 44. Qd4 Qf6 45. Bf3 Re1+ 46. Kh2 Qxd4 47. Rxd4 R8e7 48. Rd8+ Kg7 49. Ra8 a5 50. Rb8 R1e6 51. a4 Rf6 52. Bd5 h5 53. Rg8+ Kh6 54. Bc4 1-0

[Event "*** SCC Grand Prix: Titled Tuesday Blitz"]
[Site "Chess.com"]
[Date "2020.09.29"]
[Round "6"]
[White "TigrVShlyape"]
[Black "ChessWarrior7197"]
[Result "1-0"]
[WhiteElo "2861"]
[BlackElo "2943"]
[TimeControl "180+1"]
[EndTime "11:06:22 PDT"]
[Termination "TigrVShlyape won by checkmate"]

1. d4 d5 2. Nf3 e6 3. Bf4 c5 4. e3 Nc6 5. c3 Nf6 6. Nbd2 Bd6 7. Bg3 O-O 8. Bd3 b6 9. Qe2 Bb7 10. Rd1 Ne7 11. Ne5 Nf5 12. Bf4 Be7 13. g4 Nd6 14. g5 Nfe4 15. Rg1 f5 16. gxf6 Bxf6 17.
Qg4 Nf5 18. Nxe4 dxe4 19. Bc4 Bd5 20. dxc5 Bxe5 21. Bxe5 Rf7 22. c6 Qc8 23. c7 Bxc4 24. Rd8+ Qxd8 25. cxd8=Q+ Rxd8 26. Qxe4 Bd5 27. Qg4 Rdd7 28.
e4 h5 29. Qe2 Nh4 30. f4 Bc6 31. Qxh5 Bxe4 32. Qxh4 Rd3 33. Rg3 Rd5 34. Bd4 Bf5 35.
Rg5 Rc7 36. Rh5 Kf7 37. Qg3 Rxd4 38. cxd4 Rc1+ 39. Kd2 Rc2+ 40. Kd1 Rxb2 41. Qc3 Rxa2 42. Rh8 Rg2 43. Qc7+ Kg6 44. h4 Bg4+ 45. Ke1 Re2+ 46. Kf1 Re4 47. Kf2 Bh5 48. Qc6 Re2+ 49. Kf1 Re3 50. Qe8+ Kf6 51. Qxh5 Re4 52. Rf8+ Ke7 53. Qf7+ Kd6 54. Rd8+ Kc6 55. Qd7# 1-0

[Event "*** SCC Grand Prix: Titled Tuesday Blitz"]
[Site "Chess.com"]
[Date "2020.09.29"]
[Round "6"]
[White "Bulldog167"]
[Black "kosya4ok"]
[Result "0-1"]
[WhiteElo "2789"]
[BlackElo "2607"]
[TimeControl "180+1"]
[EndTime "11:06:22 PDT"]
[Termination "kosya4ok won on time"]

1. d4 d5 2. c4 c6 3. cxd5 cxd5 4. Bf4 Nc6 5. e3 Nf6 6. Nc3 a6 7. Bd3 Bg4 8. Nge2 e6 9. O-O Bd6 10. f3 Bh5 11. Na4 Bg6 12. Nc5 Bxc5 13. dxc5 e5 14. Bg5 Qe7 15. Rc1 Rd8 16. Ng3 h6 17. Bh4 Qe6 18.
Bxg6 fxg6 19. Bxf6 gxf6 20. Qb3 Rd7 21. e4 O-O 22.
exd5 Qxd5 23. Qc2 f5 24. Rfd1 Nd4 25. Qa4 Rfd8 26. Kh1 Qc6 27. Qc4+ Kg7 28. b4 Nxf3 29. Rxd7+ Rxd7 30. Qe2 Nh4 31. Qxe5+ Kf7 32. Qe2 Qd5 33. Re1 Kg7 34. a3 Qd2 35. Qe5+ Kh7 36. Re2 Qd1+ 37. Re1 Qd3 38. Qf4 g5 39. Qf2 f4 40. Ne4 Kg6 41. Nd6 Nf5 42. Nxf5 Kxf5 43. h3 Qd2 44. Qf1 Rd3 45.
Re2 Qd1 46. Re1 Qd2 47. Qg1 Re3 48. Rf1 Qe2 0-1

[Event "*** SCC Grand Prix: Titled Tuesday Blitz"]
[Site "Chess.com"]
[Date "2020.09.29"]
[Round "6"]
[White "abykhovsky"]
[Black "blitzking1729"]
[Result "1-0"]
[WhiteElo "2736"]
[BlackElo "2544"]
[TimeControl "180+1"]
[EndTime "11:06:23 PDT"]
[Termination "abykhovsky won by checkmate"]

1. d4 d5 2. Nf3 Nf6 3. c4 e6 4. Nc3 c5 5. cxd5 exd5 6. Bg5 Nc6 7.
g3 cxd4 8. Nxd4 Bc5 9. e3 O-O 10. Bg2 Nxd4 11. exd4 Re8+ 12. Be3 Bb4 13. O-O Bxc3 14.
bxc3 Ne4 15. Rc1 Bf5 16. Qb3 b6 17. Rfe1 Rc8 18. Bf4 Qd7 19. Be5 Kh8 20. f3 Nd2 21.
Qd1 Nc4 22. g4 Bg6 23. h4 f6 24. Bg3 Rxe1+ 25. Qxe1 Re8 26. Qf2 h5 27. Bh3 hxg4 28.
fxg4 Bd3 29. Re1 Re4 30. Kh2 Qe6 31. g5 Qe7 32. gxf6 Qxf6 33. Qxf6 gxf6 34. Bg2 Rxe1 35. Bxe1 Be4 36. Kg3 Kg7 37. Bh3 f5 38. Kf4 Kf6 39. h5 Nb2 40. Bh4+ Ke6 41. h6 Nd3+ 42. Kg5 Kf7 43.
Bxf5 Bxf5 44. Kxf5 Nc1 45. Bf6 Ne2 46. h7 Ng3+ 47. Kg4 Ne4 48. h8=Q Nxf6+ 49. Kf5 Ne4 50. Qh7+ Ke8 51. Qg8+ Ke7 52. Qe6+ Kf8 53. Kg6 Ng5 54. Kxg5 b5 55. Kf6 b4 56. Qf7# 1-0